cohdb
Replays
Latest Replays
All Replays
Popular Replays
Top Player Replays
Match Explorer
How It Works
Community
CoH3 Stats
Reddit
Sign in to upload your games and track your stats! →
Sign in with Steam
Match 25637139
Unlisted
Match 25637139
Overview
Messages
Build Orders
End
Construct Infanterie Kompanie
Kettenkrad Recon Vehicle
Grenadier Squad
Grenadier Squad
Grenadier Squad
Selects Breakthrough Battlegroup
Selects Assault Grenadiers
Construct Panzergrenadier Kompanie
Medical Station
Selects Breakthrough
Pak 40 Anti-tank Gun Team
MG 42 Machine Gun Team
Medical Bunker
Construct Panzer Kompanie
Selects Mechanized Assault Group
Selects 2.5-tonne Cargo Truck
Sturmpanzer IV Brummbär
Side Skirts
Selects Blitzkrieg
Medical Bunker
Repair Bunker
Panzer IV Medium Tank
Repair Bunker
JohnS
Ghost
Bananenratte
PIGEONS ARE FBI DRONES
0
0
Comments
sign in to comment!
No comments posted yet!